 Dungeon Crawl Stone Soup version 0.28.0-62-gf88900778d (webtiles) character file.

Game seed: 1936659482021906004

3571 cbfl8 the Cleaver (level 9, 0/75 HPs)
             Began as a Palentonga Fighter on July 1, 2023.
             Slain by an ogre zombie (4 damage)
             ... on level 9 of the Dungeon.
             The game lasted 00:10:54 (11300 turns).

cbfl8 the Cleaver (Palentonga Fighter)             Turns: 11300, Time: 00:10:55

Health: 0/75       AC: 17    Str: 19    XL:     9   Next: 84%
Magic:  9/9        EV:  6    Int: 10    God:
Gold:   299        SH:  5    Dex: 13    Spells: 8/8 levels left

rFire   + . .      SeeInvis +   a - +1 war axe
rCold   + . .      Faith    .   c - +0 buckler
rNeg    . . .      Spirit   .   q - +0 chain mail
rPois   +          Reflect  .   (no helmet)
rElec   +          Harm     .   (no cloak)
rCorr   +          Rampage  .   p - +0 pair of gloves
Will    .....                   (no barding)
Stlth   ..........              (no amulet)
HPRegen 0.22/turn               (no ring)
MPRegen 0.11/turn               (no ring)

@: resistant, weak-willed, curled up
A: large, rugged brown scales 3, see invisible, deformed body, roll 1, armoured
tail, reflexive curl
a: Rolling Charge


You were on level 9 of the Dungeon.
You visited 1 branch of the dungeon, and saw 7 of its levels.
You also visited: Sewer.

You collected 299 gold pieces.

Inventory:

Hand Weapons
 a - a +1 war axe (weapon)
Armour
 c - a +0 buckler (worn)
 p - a +0 pair of gloves (worn)
 q - a +0 chain mail (worn)
Wands
 i - a wand of iceblast (8)
Scrolls
 e - a scroll of fog
 n - a scroll of enchant weapon
 r - a scroll of identify
 s - a scroll of enchant armour
 t - a scroll of amnesia {unknown}
Potions
 f - a potion of curing {unknown}
 g - 2 potions of heal wounds {unknown}
 j - 2 potions of mutation {unknown}
 k - a potion of attraction {unknown}
 l - 2 potions of invisibility
 m - 3 potions of haste {unknown}
 o - 2 potions of brilliance {unknown}


   Skills:
 + Level 6.4 Fighting
 + Level 9.5 Axes
 + Level 6.7 Armour
 + Level 2.3 Dodging
 + Level 1.1 Stealth
 + Level 3.6 Shields


You had 8 spell levels left.
You didn't know any spells.
Your spell library contained the following spells:

 Spells                   Type           Power      Damage    Failure   Level
 Ignite Poison            Fire/Tmut/Pois 0%         N/A       100%        3
 Mephitic Cloud           Conj/Pois/Air  0%         N/A       100%        3
 Freezing Cloud           Conj/Ice/Air   0%         6-21      100%        5


Dungeon Overview and Level Annotations

Branches:
Dungeon (6/15)             Temple (0/1) D:5             Orc (0/2) D:9
  Sewer (visited)

Altars:
Cheibriados
Kikubaaqudgha
Yredelemnul


Innate Abilities, Weirdness & Mutations

You are completely covered in rugged brown scales. (AC +3, +7% HP)
You have supernaturally acute eyesight. (SInv)
Armour fits poorly on your strangely shaped body.
You can roll at nearby foes to attack.
You have a long armoured tail.
You curl defensively after being hit. (AC +7*)


Message History

The shadow completely misses you.
An orc zombie comes into view.
The shadow hits you.
A troll comes into view.
The troll shouts!
The shadow hits you.
As you read the scroll labelled WULYAFIUXI, it crumbles to dust.
It is a scroll of identify.
s - a scroll of enchant armour The shadow hits you.
As you read the scroll labelled WOZURCH NUUSKIO, it crumbles to dust.
Magic quickly surges around you.
It was a scroll of vulnerability.
The shadow hits you. You block the troll's attack. The troll claws you.
The troll claws you but does no damage.
As you read the scroll of fog, it crumbles to dust.
The scroll dissolves into smoke.
The ogre zombie hits you but does no damage.
The troll bites you. The troll claws you.
* * * LOW HITPOINT WARNING * * *
The troll claws you.
* * * LOW HITPOINT WARNING * * *
The shadow hits you.
Okay, then.
This is a scroll of acquirement!
You see here a manual of Axes.
Something appears at your feet! The troll bites you!
* * * LOW HITPOINT WARNING * * *
The troll barely misses you. The troll claws you but does no damage.
The shadow hits you.
The ogre zombie hits you but does no damage.
Okay, then.
You feel protected. The shadow hits you.
* * * LOW HITPOINT WARNING * * *
The troll bites you but does no damage. The troll barely misses you. x2
As you read the scroll labelled WADUTIMYOM, it crumbles to dust.
Your body is wracked with pain!
* * * LOW HITPOINT WARNING * * *
The troll convulses!
It was a scroll of torment.
The ogre zombie hits you.
You die...

#..#...###..Z.##Z#
###Z....##.#Z.# .
#..Z#..###......#.
#.####.# ##.#...#
##+ #.Z###.Z.
###..... #...
##Z.###### ###.##
#....###Z## ##
#....§§WZ#
#....§T@##
#....§§§#
+....§§§#
#.......#
#.......+
#.......#
#########


You could see a troll (weak-willed), a shadow (weak-willed), 2 orc zombies and 2
ogre zombies.

Vanquished Creatures
  The ghost of NegativeXP the Covered, an amateur DDFi of Hepliaklqana (D:5)
  A shadow (D:9)
  9 yaks
  A water moccasin (D:9)
  Pargi (D:1)
  2 ice beasts (D:6)
  A black bear (D:5)
  A phantom (D:9)
  A kobold brigand (Sewer)
  2 water moccasin zombies (D:5)
  3 scorpions
  3 water moccasin skeletons
  A troll zombie (D:9)
  A howler monkey (D:4)
  A hound (D:6)
  A bullfrog skeleton (D:5)
  A centaur zombie (D:5)
  3 orc priests
  A jelly (D:4)
  3 centaur skeletons
  4 iguanas
  2 orc wizards
  A scorpion zombie (D:5)
  An ogre zombie (D:9)
  2 hound zombies (D:5)
  A howler monkey skeleton (D:5)
  A howler monkey zombie (D:6)
  10 adders
  5 river rats (Sewer)
  3 ufetubi (D:4)
  A worm (D:3)
  2 dart slugs
  22 orcs
  An endoplasm (D:1)
  4 giant cockroaches
  7 goblins
  6 hobgoblins
  A jackal (Sewer)
  2 quokkas
  19 ball pythons
  2 bats
  3 frilled lizards
  A goblin skeleton (D:9)
  A goblin zombie (D:9)
  2 hobgoblin skeletons (D:9)
  A hobgoblin zombie (D:9)
  9 kobolds
  4 orc zombies (D:9)
  10 rats
166 creatures vanquished.

Vanquished Creatures (others)
  A human (D:6)
  16 plants
17 creatures vanquished.

Grand Total: 183 creatures vanquished

Notes
Turn   | Place    | Note
-------+----------+-------------------------------------------
     0 | D:1      | cbfl8 the Palentonga Fighter began the quest for the Orb.
     0 | D:1      | Reached XP level 1. HP: 19/19 MP: 1/1
   459 | D:1      | Reached XP level 2. HP: 25/25 MP: 2/2
  1272 | D:2      | Reached XP level 3. HP: 27/31 MP: 3/3
  1699 | D:2      | Found a faded altar of an unknown god.
  1939 | D:3      | Found a glowing drain.
  1996 | Sewer    | Entered a sewer
  2084 | Sewer    | Noticed a kobold brigand
  2093 | Sewer    | Killed a kobold brigand
  2094 | Sewer    | Reached skill level 3 in Axes
  2094 | Sewer    | Reached XP level 4. HP: 38/38 MP: 4/4
  2147 | Sewer    | Reached XP level 5. HP: 19/43 MP: 5/5
  2474 | Sewer    | Reached skill level 1 in Dodging
  3382 | D:3      | Reached skill level 4 in Axes
  3524 | D:3      | Noticed Pargi
  3864 | D:4      | Reached XP level 6. HP: 28/51 MP: 6/6
  5920 | D:1      | Killed Pargi
  5921 | D:1      | Reached skill level 5 in Axes
  5921 | D:1      | Gained mutation: You curl defensively after being hit. (AC
                  | +7*) [Palentonga growth]
  5921 | D:1      | Reached XP level 7. HP: 44/57 MP: 7/7
  6293 | D:5      | Entered Level 5 of the Dungeon
  6829 | D:5      | Reached skill level 6 in Axes
  6935 | D:5      | Found a staircase to the Ecumenical Temple.
  7053 | D:5      | Found a runed translucent door.
  7053 | D:5      | Noticed NegativeXP's ghost (amateur DDFi)
  7061 | D:5      | Noticed a yak
  7061 | D:5      | Noticed a yak
  7062 | D:5      | Noticed a yak
  7062 | D:5      | Noticed a yak
  7293 | D:4      | Reached XP level 8. HP: 61/65 MP: 8/8
  7735 | D:6      | Reached skill level 5 in Fighting
  7776 | D:6      | Reached skill level 5 in Armour
  8147 | D:5      | Reached skill level 7 in Axes
  9222 | D:5      | Reached XP level 9. HP: 73/73 MP: 9/9
  9251 | D:5      | HP: 2/73 [yak (6)]
  9256 | D:5      | HP: 2/73 [yak (4)]
  9268 | D:5      | Reached skill level 8 in Axes
  9712 | D:5      | Killed NegativeXP's ghost
 10785 | D:6      | Found a snail-covered altar of Cheibriados.
 10790 | D:6      | Found a basalt altar of Yredelemnul.
 10812 | D:6      | Reached skill level 9 in Axes
 10820 | D:6      | Reached skill level 1 in Stealth
 11027 | D:6      | Found an ancient bone altar of Kikubaaqudgha.
 11213 | D:6      | You fall into a shaft and drop 3 floors!
 11243 | D:9      | Found a staircase to the Orcish Mines.
 11292 | D:9      | Noticed a troll
 11298 | D:9      | Identified a scroll of acquirement
 11298 | D:9      | Acquired a manual of Axes
 11300 | D:9      | Slain by an ogre zombie

Illustrated notes

Levels and vault maps discovered:
D:1:      minmay_arrival_nine_rooms, layout_loops_ring
D:2:      layout_basic, basic_ecumenical_altar
D:3:      layout_loops_ring, cheibrodos_sewer_entry_bend, uniq_pargi
D:4:      layout_loops_corners
D:5:      layout_basic, minmay_temple_entry_gardened_gates,
          hellmonk_ghost_happy_afterlife, chequers_arboretum,
          minmay_misc_feat_chi, minmay_circle_x
D:6:      layout_cave_pools, tgw_kikubaaqudgha, minitemple,
          serial_co_window_serial, co_window_corner_a,
          co_window_of_opportunity_a, co_window_of_opportunity_a,
          co_window_of_opportunity_a, co_window_paths_a, co_window_corner_a,
          co_window_corner_a, co_window_corner_a, co_window_of_opportunity_a,
          co_window_broadway_b, co_window_broadway_b, co_window_2corner,
          co_window_broadway_c, glass_columns_b, glass_columns_a,
          glass_columns_b, glass_columns_a, glass_columns_a
D:9:      layout_roguey, mainiacjoe_overflow_surrounded_room, zombieorc1_lemuel,
          enter_bailey_8

Skill      XL: |  1  2  3  4  5  6  7  8  9 |
---------------+----------------------------+-----
Axes           | 3 4 5 6 7 9 |  9.5
Armour         | 3 4 5 6 |  6.7
Dodging        | 1 2 |  2.3
Fighting       | 4 5 6 |  6.4
Shields        | 3 |  3.6
Stealth        | 1 |  1.1

Action                   |  1- 3 |  4- 6 |  7- 9 || total
-------------------------+-------+-------+-------++-------
Melee: War axe           |    77 |   184 |   274 ||   535
       Tailslap          |     5 |    15 |    46 ||    66
  Use: Scroll            |     2 |     3 |     5 ||    10
       Potion            |       |     4 |     3 ||     7
Armor: Scale mail        |    46 |   111 |     1 ||   158
       Chain mail        |       |       |   217 ||   217
Dodge: Dodged            |    29 |   102 |    99 ||   230
Block: Buckler           |    10 |    56 |    72 ||   138
